 Dungeon Crawl Stone Soup version 0.17.1-1-g73c8601 (webtiles) character file.

140 Metrazal the Covert (level 5, 0/26 HPs)
             Began as a Spriggan Assassin on Jan 2, 2016.
             Slain by Flanowski's ghost (9 damage)
             ... on level 3 of the Dungeon.
             The game lasted 00:36:12 (3081 turns).

Metrazal the Covert (Spriggan Assassin)             Turns: 3081, Time: 00:36:12

Health: 0/26       AC:  3    Str:  8    XL:     5   Next: 2%
Magic:  6/6        EV: 17    Int: 13    God:
Gold:   125        SH:  0    Dex: 17    Spells: 0 memorised, 4 levels left

rFire  x . .     SeeInvis +     a - +2 dagger
rCold  + . .     Clarity  .     c - +0 robe
rNeg   . . .     SustAt   .     (shield restricted)
rPois  +         Gourm    .     (helmet restricted)
rElec  .         Spirit   .     d - +0 cloak
rCorr  .         Warding  .     (gloves unavailable)
rMut   .         Stasis   .     (boots unavailable)
MR     .....                    (no amulet)
Stlth  +++++.....               o - ring of ice
                                i - ring of poison resistance

@: very quick, not resistant to hostile enchantments, quite stealthy
A: unfitting armour, see invisible, herbivore 3, speed 3, slow metabolism 2
a: no special abilities


You were on level 3 of the Dungeon.
You were not hungry.

You visited 1 branch of the dungeon, and saw 3 of its levels.

You collected 125 gold pieces.

Inventory:

Hand Weapons
 a - a +2 dagger (weapon)
 b - a +0 blowgun
Missiles
 e - 19 poisoned needles
 f - 2 curare-tipped needles
 q - 71 stones (quivered)
Armour
 c - a +0 robe (worn)
 d - a +0 cloak (worn)
Jewellery
 i - a ring of poison resistance (left hand)
 o - a ring of ice (right hand)
Scrolls
 h - a scroll of identify {unknown}
 j - a scroll of blinking {unknown}
 l - 2 scrolls of teleportation {unknown}
 m - a scroll of amnesia {unknown}
 r - 3 scrolls of fog {unknown}
 s - 2 scrolls of remove curse {unknown}
 t - a scroll of enchant armour {unknown}
Potions
 k - a potion of curing {unknown}
 n - a potion of heal wounds {unknown}
 p - a potion of haste {unknown}
 u - 2 potions of invisibility {unknown}
Comestibles
 g - 2 bread rations


   Skills:
 + Level 1.9 Fighting
 + Level 2.4 Short Blades
 + Level 2.5 Throwing
 + Level 2.2 Dodging
 + Level 8.7 Stealth


You had 4 spell levels left.
You didn't know any spells.

Dungeon Overview and Level Annotations

Branches:
Dungeon (3/15)

Altars:
Fedhas

Annotations:
D:3 Flanowski's ghost, amateur MfBe


Innate Abilities, Weirdness & Mutations

You are tiny and cannot use many weapons and most armour.
You have supernaturally acute eyesight.
You are a herbivore.
You cover ground extremely quickly.
You need consume almost no food.


Message History

Flanowski's ghost is lightly damaged.
Flanowski's ghost closely misses you.
You hit Flanowski's ghost but do no damage.
Flanowski's ghost is lightly damaged.
Flanowski's ghost misses you.
You hit Flanowski's ghost but do no damage.
Flanowski's ghost is lightly damaged.
Flanowski's ghost misses you.
You barely miss Flanowski's ghost.
Flanowski's ghost is lightly damaged.
You closely miss Flanowski's ghost.
Flanowski's ghost is lightly damaged.
Flanowski's ghost hits you.
You hit Flanowski's ghost but do no damage.
Flanowski's ghost is lightly damaged.
Flanowski's ghost closely misses you.
You hit Flanowski's ghost but do no damage.
Flanowski's ghost is lightly damaged.
Flanowski's ghost hits you!
You die...

#.#.#.##########.#
#######.#.#..........#.#
..........#.########.#.#
#######.#.#.# #.#.#
......>...# #.#.#
#######.#.# #.#.# ...#.#
#.#.# ##########.# #
#.#.# #..(....W@.#
#.#.#.# #. #.##########
#.....# #(..####(#
###.#.# #J..W..(.# #.#.#
..#.###### #.#.# #.###
#.# ..# ###


You could see Flanowski's ghost.

Vanquished Creatures
  4 gnolls (D:3)
  5 adders (D:2)
  2 oozes
  2 giant geckos (D:1)
  An orc (D:3)
  5 giant cockroaches
  6 hobgoblins
  2 quokkas (D:2)
  A ball python (D:2)
  5 bats
  3 goblins
  2 jackals (D:2)
  8 kobolds
  11 rats
57 creatures vanquished.

Notes
Turn   | Place    | Note
--------------------------------------------------------------
     0 | D:1      | Metrazal the Spriggan Assassin began the quest for the Orb.
     0 | D:1      | Reached XP level 1. HP: 10/10 MP: 2/2
    38 | D:1      | Reached skill level 6 in Stealth
   434 | D:1      | Reached XP level 2. HP: 8/14 MP: 3/3
   871 | D:1      | Reached skill level 7 in Stealth
  1239 | D:2      | Reached XP level 3. HP: 18/18 MP: 4/4
  1602 | D:2      | Reached skill level 8 in Stealth
  1691 | D:2      | Reached XP level 4. HP: 23/23 MP: 5/5
  2387 | D:3      | Found a blossoming altar of Fedhas.
  2660 | D:3      | Reached XP level 5. HP: 3/26 MP: 6/6
  3045 | D:3      | Noticed Flanowski's ghost (amateur MfBe)
  3081 | D:3      | Slain by Flanowski's ghost

Action                   |  1- 3 |  4- 6 || total
-------------------------+-------+-------++-------
Melee: Dagger            |    47 |    49 ||    96
 Fire: Blowgun           |    24 |    17 ||    41
Throw: Stone             |       |     1 ||     1
 Stab: Sleeping          |    22 |     6 ||    28
